 Dungeon Crawl Stone Soup version 0.29.1-2-gbd0b4ee654 (webtiles) character file.

Game seed: 7098135571756804395

92 kingsuperguy the Trooper (level 4, 0/41 HPs)
             Began as a Minotaur Berserker on Nov 16, 2022.
             Was a Follower of Trog.
             Slain by an orc
             ... wielding the +8 dagger of the Inquisitive Mice {speed, rPois rC+ rCorr}
              (7 damage)
             ... on level 3 of the Dungeon.
             The game lasted 00:02:14 (1277 turns).

kingsuperguy the Trooper (Minotaur Berserker)       Turns: 1277, Time: 00:02:15

Health: 0/41       AC:  3    Str: 23    XL:     4   Next: 35%
Magic:  3/3        EV: 12    Int:  4    God:    Trog [*.....]
Gold:   75         SH:  0    Dex: 10    Spells: 3/3 levels left

rFire   . . .      SeeInvis .   g - +2 dagger (elec)
rCold   . . .      Faith    .   (no shield)
rNeg    . . .      Spirit   .   j - +0 leather armour
rPois   .          Reflect  .   (helmet restricted)
rElec   .          Harm     .   (no cloak)
rCorr   .          Rampage  .   (no gloves)
Will    .....                   (no boots)
Stlth   +.........              (no amulet)
HPRegen 0.13/turn               (no ring)
MPRegen 0.08/turn               (no ring)

@: on berserk cooldown, slowed, invisible, very slow
A: horns 2, retaliatory headbutt
a: Renounce Religion, Berserk


You were on level 3 of the Dungeon.
You worshipped Trog.
Trog was aware of your devotion.
You visited 1 branch of the dungeon, and saw 3 of its levels.

You collected 75 gold pieces.

Inventory:

Hand Weapons
 a - a +0 mace
 g - a +2 dagger of electrocution (weapon)
 k - a +0 war axe
Missiles
 h - 9 stones (quivered)
 m - 5 poisoned darts
Armour
 b - a +0 animal skin
 j - a +0 leather armour (worn)
Wands
 o - a wand of polymorph (7)
Scrolls
 c - a scroll of enchant armour {unknown}
 e - 2 scrolls of poison {unknown}
 f - a scroll of identify {unknown}
 l - a scroll of teleportation {unknown}
 q - a scroll of blinking {unknown}
Potions
 d - a potion of curing {unknown}
 i - a potion of magic {unknown}
 n - a potion of mutation {unknown}
 p - a potion of cancellation {unknown}


   Skills:
 + Level 4.8 Fighting
 + Level 1.2 Short Blades
 + Level 4.7 Maces & Flails
 + Level 2.6 Armour
 + Level 2.7 Dodging
 + Level 0.1 Stealth


You had 3 spell levels left.
You didn't know any spells.
Your spell library was empty.

Dungeon Overview and Level Annotations

Branches:
Dungeon (3/15)

Altars:
Qazlal


Innate Abilities, Weirdness & Mutations

You have a pair of horns on your head.
You reflexively headbutt those who attack you in melee.


Message History

Trog appreciates your killing of a magic user.
Your Short Blades skill increases to level 1!
You have reached level 4!
You feel agile.
You feel a strong urge to attack something.
Found a scroll labelled WUUMUH QEZIUMI.
You feel your anger nearly subside.
You feel yourself speed up.
You are no longer berserk.
You are exhausted.
You feel yourself slow down.
Found a stone staircase leading down.
Found a dagger.
The endoplasm barely misses you. You furiously retaliate!
You headbutt the endoplasm!
You kill the endoplasm!
Trog accepts your kill.
A giant cockroach and an orc come into view.
The orc is wielding the +8 dagger of the Inquisitive Mice {speed, rPois rC+ rCorr}.
The orc shouts!
You closely miss the orc. Your headbutt misses the orc.
A giant cockroach comes into view.
The orc hits you with the +8 dagger of the Inquisitive Mice {speed, rPois rC+ rCorr}.
The orc hits you with the +8 dagger of the Inquisitive Mice {speed, rPois rC+ rCorr}!
The orc hits you with the +8 dagger of the Inquisitive Mice {speed, rPois rC+ rCorr}.
The giant cockroach moves out of view.
Okay, then.
The orc attacks as you move away!
The orc hits you with the +8 dagger of the Inquisitive Mice {speed, rPois rC+ rCorr}.
The giant cockroach bites you.
The orc hits you with the +8 dagger of the Inquisitive Mice {speed, rPois rC+ rCorr}!
* * * LOW HITPOINT WARNING * * *
It was a potion of invisibility.
You fade into invisibility!
The orc hits you with the +8 dagger of the Inquisitive Mice {speed, rPois rC+ rCorr}.
* * * LOW HITPOINT WARNING * * *
The orc misses you. The orc hits you but does no damage. The orc misses you.
The orc hits you with the +8 dagger of the Inquisitive Mice {speed, rPois rC+ rCorr}!
You die...

####........#
#...........#
#.≈≈≈≈≈≈≈...######
##...≈≈≈≈≈≈........
##..8...._≈≈)#######
#.....≈≈≈≈≈≈.#######
#.#.≈≈≈≈≈≈≈.........
#####.#...........######
...)...@oB........# #..
....>#######.###### #..
###...........# ...
#.........#.# #..
#........? .# #..
....... .# ### .......
.# #. ....... .# #
....... .#


You could see an orc (unable to see you) and a giant cockroach (unable to see
you).

Vanquished Creatures
  Jessica (D:3)
  Ijyb (D:3)
  A worm (D:3)
  2 bats
  6 endoplasms
  2 giant cockroaches
  A goblin (D:2)
  4 hobgoblins
  3 jackals (D:2)
  3 kobolds
  2 quokkas (D:1)
  4 ball pythons
  4 rats
34 creatures vanquished.

Vanquished Creatures (others)
  A demonic plant (D:1)
1 creature vanquished.

Grand Total: 35 creatures vanquished

Notes
Turn   | Place    | Note
-------+----------+-------------------------------------------
     0 | D:1      | kingsuperguy the Minotaur Berserker began the quest for the
                  | Orb.
     0 | D:1      | Reached XP level 1. HP: 19/19 MP: 0/0
    83 | D:1      | Found a faded altar of an unknown god.
   430 | D:1      | Reached XP level 2. HP: 27/27 MP: 1/1
   920 | D:1      | You fall into a shaft and drop 1 floor!
   950 | D:2      | Reached XP level 3. HP: 25/33 MP: 2/2
   971 | D:2      | You fall into a shaft and drop 1 floor!
  1061 | D:3      | Noticed Ijyb
  1068 | D:3      | Killed Ijyb
  1235 | D:3      | Found a stormy altar of Qazlal.
  1239 | D:3      | Noticed Jessica
  1243 | D:3      | Reached ** piety under Trog
  1246 | D:3      | Killed Jessica
  1247 | D:3      | Reached skill level 1 in Short Blades
  1247 | D:3      | Reached XP level 4. HP: 41/41 MP: 3/3
  1268 | D:3      | Identified the +8 dagger of the Inquisitive Mice {speed,
                  | rPois rC+ rCorr}
  1277 | D:3      | Slain by an orc

Illustrated notes

Levels and vault maps discovered:
D:1:      psy_arrival_statuary, layout_loops_ring, shapermc_ecumenical_altar_gd
D:2:      layout_rooms, minmay_hexomino_u4
D:3:      layout_loops_ring, mainiacjoe_overflow_catwalk,
          nzn_wu_jian_council_hall, dreamdust_wishing_well, uniq_ijyb,
          uniq_jessica

Skill      XL: |  1  2  3 |
---------------+----------+-----
Fighting       | 4 |  4.8
Maces & Flails | 4 |  4.7
Short Blades   | 1 |  1.2
Armour         | |  2.6
Dodging        | |  2.7
Stealth        | |  0.1

Action                   |  1- 3 |  4- 6 || total
-------------------------+-------+-------++-------
Melee: Mace              |     6 |       ||     6
       Dagger            |    58 |     1 ||    59
       Headbutt          |     7 |       ||     7
Throw: Stone             |     1 |       ||     1
Invok: Berserk           |     3 |       ||     3
  Use: Potion            |       |     1 ||     1
Armor: Animal skin       |     6 |       ||     6
       Leather armour    |    17 |     1 ||    18
Dodge: Dodged            |    42 |     3 ||    45
